 Dungeon Crawl Stone Soup version 0.22.0-27-ga576289601 (webtiles) character file.

98 Morbidden the Insei (level 4, -3/39 HPs)
             Began as a Draconian Monk on Aug 23, 2018.
             Killed from afar by a goblin (14 damage)
             ... with a wand of acid (5)
             ... on level 3 of the Dungeon.
             The game lasted 00:03:30 (1839 turns).

Morbidden the Insei (Draconian Monk)                Turns: 1839, Time: 00:03:31

Health: -3/39      AC:  5    Str: 14    XL:     4   Next: 44%
Magic:  4/4        EV: 13    Int: 10    God:
Gold:   138        SH:  0    Dex: 14    Spells: 3/3 levels left

rFire    + . .     SeeInvis .     - Unarmed
rCold    x . .     Gourm    .   (no shield)
rNeg     . . .     Faith    .   (armour unavailable)
rPois    .         Spirit   .   (helmet restricted)
rElec    .         Reflect  .   (no cloak)
rCorr    .         Harm     .   (no gloves)
MR       .....                  (no boots)
Stlth    ++........             (no amulet)
HPRegen  0.13/turn              e - ring of fire
MPRegen  0.09/turn              (no ring)

@: no status effects
A: unfitting armour, cold-blooded, AC +5
a: no special abilities


You were on level 3 of the Dungeon.
You were hungry.

You visited 1 branch of the dungeon, and saw 3 of its levels.

You collected 138 gold pieces.

Inventory:

Jewellery
 e - a ring of fire (left hand)
 m - an uncursed ring of see invisible {unknown}
Scrolls
 b - 3 scrolls of remove curse {unknown}
 g - 3 scrolls of teleportation {unknown}
 h - 4 scrolls of identify {unknown}
 i - a scroll of fear {unknown}
 l - a scroll of random uselessness {unknown}
Potions
 c - a potion of heal wounds {unknown}
 d - a potion of magic {unknown}
 f - a potion of brilliance {unknown}
 j - a potion of flight {unknown}
 k - a potion of lignification {unknown}
Comestibles
 a - 6 rations


   Skills:
 + Level 3.6 Fighting
 + Level 3.1 Dodging
 - Level 1.7 Stealth
 * Level 4.8 Unarmed Combat


You had 3 spell levels left.
You didn't know any spells.
Your spell library was empty.

Dungeon Overview and Level Annotations

Branches:
Dungeon (3/15)

Altars:
Elyvilon
Sif Muna


Innate Abilities, Weirdness & Mutations

Your plain brown scales are hard. (AC +5)
You cannot fit into any form of body armour.
You are cold-blooded and may be slowed by cold attacks.


Message History

The orc is heavily wounded.
The orc hits you but does no damage.
The orc wizard casts a spell.
The orc wizard blinks!
The rat closely misses you.
You hit the orc but do no damage.
The orc is heavily wounded.
The orc closely misses you. The orc barely misses you.
The rat bites you but does no damage.
You barely miss the orc.
The orc is heavily wounded.
The orc hits you with a flail!
* * * LOW HITPOINT WARNING * * *
The orc closely misses you. The rat bites you but does no damage.
You are too injured to fight recklessly!
Unknown command.
The goblin zaps a wand.
The bolt of acid hits the orc.
The orc is splashed with acid.
The orc dies!
The bolt of acid hits you!
You die...

# ...#..##.##
...........######.#
#....####...........
................#
####....########
######..#.#
..........#
.###'###..# #. #@.#
#.o# 'o._..r)##
#######g# #.# #..
..# .## .


You could see an orc, a goblin and a rat.

Vanquished Creatures
  An orc wizard (D:3)
  An adder (D:2)
  An ooze (D:2)
  An adder skeleton (D:2)
  2 dart slugs (D:1)
  2 leopard geckos (D:2)
  3 goblins (D:1)
  8 hobgoblins
  3 jackals (D:1)
  2 quokkas (D:2)
  7 bats
  2 frilled lizards (D:2)
  6 kobolds
  4 rats
43 creatures vanquished.

Vanquished Creatures (others)
  An orc (D:3)
1 creature vanquished.

Grand Total: 44 creatures vanquished

Notes
Turn   | Place    | Note
-------+----------+-------------------------------------------
     0 | D:1      | Morbidden the Draconian Monk began the quest for the Orb.
     0 | D:1      | Reached XP level 1. HP: 19/19 MP: 1/1
   500 | D:1      | Reached XP level 2. HP: 24/26 MP: 2/2
   923 | D:1      | Reached XP level 3. HP: 31/31 MP: 3/3
  1257 | D:2      | Reached skill level 4 in Unarmed Combat
  1439 | D:2      | Found a deep blue altar of Sif Muna.
  1763 | D:3      | Reached XP level 4. HP: 39/39 MP: 4/4
  1828 | D:3      | Found a white marble altar of Elyvilon.
  1839 | D:3      | Killed from afar by a goblin

Skill      XL: |  1  2  3 |
---------------+----------+-----
Unarmed Combat | 4 |  4.8
Dodging        | 3 |  3.1
Fighting       | |  3.6
Stealth        | |  1.7

Action                   |  1- 3 |  4- 6 || total
-------------------------+-------+-------++-------
Melee: Unarmed           |   135 |    14 ||   149
       Tailslap          |    15 |     1 ||    16
 Stab: Sleeping          |     4 |       ||     4
       Distracted        |     1 |       ||     1
  Eat: Chunk             |     2 |       ||     2
Armor: Skin              |    29 |     8 ||    37
Dodge: Dodged            |    83 |    10 ||    93
